AoeStats
← Tesla

MegaRandom

509514264Analyzed
2v2 RM · 6d ago on Sep 27, 2026· 74m 22s· 4 players
Game mode
Random Map
Map size
Medium (4 player)
Population
200
Speed
Normal
Resources
Standard
Victory
Conquest
Starting age
Dark Age
Ending age
Imperial Age
RankedLock teamsTeams togetherTeam positionsShared explorationLock speedFull tech treeHidden civsTurbo modeCheats
Victory
Defeat
🇦🇺 Britons · Australia
907
+35
🇦🇺 Franks · Australia
907
+35
🇺🇸 Shu · United States
908
-17
🇨🇱 Inca · Chile
894
-15
Tesla
1:13 Loom
10:47 Feudal Age
12:12 Double-Bit Axe
13:04 Town Watch
14:27 Champi Runner
15:58 Wheelbarrow
15:11 Fishing Lines
22:09 Castle Age
20:54 Stone Mining
21:32 Forging
24:14 Fletching
23:56 Champi Warrior
32:38 Bow Saw
32:15 Horse Collar
33:49 Elite Skirmisher
34:40 Andean Sling
37:50 Imperial Age
36:11 Fletching
36:22 Padded Archer Armor
37:52 Gold Mining
39:00 Bodkin Arrow
39:55 Squires
41:12 Conscription
41:05 Arson
40:53 Capped Ram
42:41 Leather Archer Armor
47:00 Pikeman
55:06 Iron Casting
54:32 Scale Mail Armor
54:47 Heavy Plow
Thatmanzay
5:06 Loom
12:00 Feudal Age
16:43 Castle Age
15:01 Fletching
15:34 Gold Mining
16:46 Crossbowman
18:22 Padded Archer Armor
19:30 Wheelbarrow
19:29 Pikeman
23:42 Thumb Ring
30:30 Hand Cart
31:23 Bodkin Arrow
37:31 Imperial Age
35:58 Double-Bit Axe
36:57 Leather Archer Armor
36:43 Scale Mail Armor
37:18 Bow Saw
36:55 Horse Collar
37:52 Ballistics
38:43 Caravan
38:37 Heated Shot
39:52 Chemistry
40:02 Conscription
42:19 Squires
42:05 Gambesons
44:33 Bracer
43:57 Arbalester
57:02 Elite Skirmisher
60:15 Ring Archer Armor
68:28 Bolt Magazine
Special_K_1994
2:15 Loom
2:18 Loom
2:43 Loom
13:33 Feudal Age
14:56 Double-Bit Axe
17:52 Stone Mining
28:09 Castle Age
27:14 Fletching
26:53 Man-at-Arms
29:19 Elite Skirmisher
29:58 Bodkin Arrow
30:32 Gold Mining
35:53 Bow Saw
36:17 Husbandry
36:12 Pikeman
37:25 Light Cavalry
53:47 Imperial Age
51:55 Wheelbarrow
51:06 Town Watch
52:32 Medium Warships
54:32 Gold Shaft Mining
55:37 Cavalier
57:44 Halberdier
59:06 Paladin
64:39 Hand Cart
66:02 Scale Barding Armor
67:08 Chain Barding Armor
69:10 Town Patrol
69:09 Capped Ram
71:17 Plate Barding Armor
70:44 Padded Archer Armor
71:06 Onager
Redboof
11:18 Feudal Age
12:36 Double-Bit Axe
17:34 Castle Age
16:22 Loom
18:13 Fletching
18:47 Crossbowman
21:31 Bow Saw
21:55 Bodkin Arrow
28:23 Horse Collar
28:39 Gold Mining
28:41 Stone Mining
32:30 Imperial Age
31:06 Wheelbarrow
31:09 Padded Archer Armor
32:22 Leather Archer Armor
33:20 Yeomen
32:40 Arbalester
38:29 Chemistry
37:50 Ballistics
38:36 Two-Man Saw
38:26 Siege Engineers
38:02 Treadmill Crane
39:25 Conscription
46:53 Husbandry
46:16 Cavalier
47:46 Bracer
48:17 Ring Archer Armor
55:25 Hand Cart
54:56 Town Watch
59:54 Warwolf
62:58 Forging
62:54 Scale Barding Armor
70:27 Elite Skirmisher
71:45 Iron Casting
71:11 Scale Mail Armor
71:31 Chain Barding Armor
71:16 Squires
70:36 Pikeman
71:03 Arson
71:20 Light Cavalry
73:08 Hoardings
73:49 Elite Longbowman
Connection lost

Rejoining the realm…

Still unreachable

The connection could not be restored.

Session expired

The server has moved on; the page needs a fresh start.